 Dungeon Crawl Stone Soup version 0.26-a0-835-g8259106e14 (webtiles) character file.

Game seed: 16109160363362574766

1027 robertstho the Ruffian (level 8, 0/78 HPs)
             Began as a Troll Delver on Nov 17, 2020.
             Was a Believer of Qazlal.
             Slain by an orc warrior
             ... wielding a +0 glaive
              (14 damage)
             ... on level 7 of the Dungeon.
             The game lasted 00:05:15 (4147 turns).

robertstho the Ruffian (Troll Delver)               Turns: 4147, Time: 00:05:16

Health: 0/78       AC:  6    Str: 23    XL:     8   Next: 3%
Magic:  8/8        EV: 10    Int:  6    God:    Qazlal [**....]
Gold:   220        SH:  7    Dex: 11    Spells: 7/7 levels left

rFire    . . .     SeeInvis .     - Unarmed
rCold    . . .     Faith    .   (no shield)
rNeg     . . .     Spirit   .   a - +0 robe
rPois    .         Reflect  +   (helmet restricted)
rElec    .         Harm     .   q - scarf {shadows}
rCorr    .         Rampage  .   (gloves unavailable)
MR       +....                  (boots unavailable)
Stlth    ++........             h - amulet of reflection
HPRegen  0.63/turn              r - ring of protection from magic
MPRegen  0.11/turn              s - ring of wizardry

@: mighty, hasted, very quick
A: large, unfitting armour, claws 3, regeneration 1, shaggy fur 1, tough skin 3
a: Upheaval, Renounce Religion


You were on level 7 of the Dungeon.
You worshipped Qazlal.
Qazlal was pleased with you.
You visited 1 branch of the dungeon, and saw 7 of its levels.

You collected 220 gold pieces.

Inventory:

Missiles
 m - 4 curare-tipped darts (quivered)
 y - 4 large rocks
Armour
 a - a +0 robe (worn)
 q - a scarf of shadows (worn)
Jewellery
 h - an amulet of reflection (around neck)
 r - a ring of protection from magic (left claw)
 s - a ring of wizardry (right claw)
 E - an uncursed ring of resist corrosion {unknown}
Wands
 f - a wand of digging (3)
 l - a wand of enslavement (8)
Scrolls
 b - a scroll of fog
 c - 2 scrolls of magic mapping
 d - 2 scrolls of fear
 j - 2 scrolls of amnesia {unknown}
 k - a scroll of enchant armour {unknown}
 n - 5 scrolls of remove curse {unknown}
 o - a scroll of blinking {unknown}
 p - 4 scrolls of teleportation {unknown}
 A - 2 scrolls of identify
 C - a scroll of immolation {unknown}
Potions
 e - 3 potions of haste
 g - 5 potions of brilliance
 i - 2 potions of curing
 t - 2 potions of resistance {unknown}
 u - 3 potions of flight {unknown}
 v - a potion of cancellation {unknown}
 w - a potion of ambrosia
 x - a potion of mutation
 B - a potion of attraction {unknown}
 D - a potion of lignification {unknown}


   Skills:
 * Level 4.0 Fighting
 + Level 2.8 Dodging
 - Level 3.3 Stealth
 + Level 1.0 Shields
 * Level 6.8 Unarmed Combat
 * Level 2.1 Invocations


You had 7 spell levels left.
You didn't know any spells.
Your spell library was empty.

Dungeon Overview and Level Annotations

Branches:
Dungeon (7/15)
 Temple: D:4-7

Altars:
Dithmenos
Fedhas
Hepliaklqana
Okawaru
Qazlal
The Shining One

Shops:
D:5 *


Innate Abilities, Weirdness & Mutations

You are too large for most types of armour.
You have claws for hands.
Your natural rate of healing is unusually fast.
You are covered in fur. (AC +1)
You have extremely tough skin. (AC +3)


Message History

You kill the killer bee!
Qazlal accepts your kill.
You have reached level 8!
You closely miss the quokka. You claw the quokka!
You kill the quokka!
Qazlal accepts your kill.
Things that are here:
a quokka corpse; a killer bee corpse You claw the orc warrior!
The orc warrior is heavily wounded.
The orc warrior hits you with a +0 glaive.
* * * LOW HITPOINT WARNING * * *
You claw the orc warrior!
The orc warrior is severely wounded.
You closely miss the orc warrior.
The orc warrior is severely wounded.
An orc comes into view. It is wielding a +0 club.
The orc warrior hits you with a +0 glaive!
You die...

########..y#......
####†# #o# #r# #y#
#y# .. #y# ###...
#o##......
#.@>......
####...... ###...
..


You could see an orc warrior, 3 killer bees, an orc (wandering) and a quokka.

Vanquished Creatures
  A water moccasin (D:5)
  A sky beast (D:5)
  2 bullfrogs (D:6)
  2 killer bees (D:7)
  A scorpion (D:5)
  A howler monkey (D:5)
  An orc priest (D:3)
  2 hounds
  2 orc wizards
  5 worker ants
  An iguana (D:5)
  9 adders
  A white imp (D:7)
  An ooze (D:6)
  4 adder skeletons
  4 worms
  A dart slug (D:2)
  4 leopard geckos
  14 orcs
  4 giant cockroaches
  9 goblins
  5 hobgoblins
  13 jackals
  7 kobolds
  3 quokkas
  11 bats
  7 frilled lizards
  A quokka skeleton (D:6)
  7 rats
124 creatures vanquished.

Vanquished Creatures (others)
  6 fungi (D:5)
  5 plants (D:5)
11 creatures vanquished.

Grand Total: 135 creatures vanquished

Notes
Turn   | Place    | Note
-------+----------+-------------------------------------------
     0 | D:5      | robertstho the Troll Delver began the quest for the Orb.
     0 | D:5      | Reached XP level 1. HP: 22/22 MP: 0/0
    11 | D:5      | Noticed a hound
    19 | D:5      | Killed a hound
    20 | D:5      | Reached XP level 2. HP: 26/29 MP: 1/1
    20 | D:5      | Reached XP level 3. HP: 33/36 MP: 2/2
   149 | D:5      | Reached XP level 4. HP: 38/44 MP: 3/3
   191 | D:5      | Found a blossoming altar of Fedhas.
   199 | D:5      | Found a stormy altar of Qazlal.
   224 | D:5      | Reached skill level 3 in Unarmed Combat
   229 | D:5      | Became a worshipper of Qazlal Stormbringer
   253 | D:5      | Reached XP level 5. HP: 32/53 MP: 4/4
   296 | D:5      | Noticed a water moccasin
   305 | D:5      | Noticed a sky beast
   307 | D:5      | Killed a water moccasin
   308 | D:5      | Reached skill level 4 in Unarmed Combat
   308 | D:5      | Reached XP level 6. HP: 41/61 MP: 5/5
   314 | D:5      | Reached skill level 1 in Invocations
   318 | D:5      | Killed a sky beast
   604 | D:5      | Reached skill level 5 in Unarmed Combat
   624 | D:5      | Found Enumoest's General Store.
  1483 | D:3      | Reached XP level 7. HP: 61/67 MP: 7/7
  1568 | D:3      | Reached * piety under Qazlal
  2816 | D:1      | Reached ** piety under Qazlal
  3319 | D:6      | Reached skill level 6 in Unarmed Combat
  3530 | D:6      | Found a glowing golden altar of the Shining One.
  3534 | D:6      | Found a faded altar of an unknown god.
  3539 | D:6      | Found a shadowy altar of Dithmenos.
  3540 | D:6      | Found a hazy altar of Hepliaklqana.
  3543 | D:6      | Found a faded altar of an unknown god.
  3655 | D:6      | Found a glowing golden altar of the Shining One.
  3846 | D:6      | Found an iron altar of Okawaru.
  4115 | D:7      | Reached skill level 1 in Shields
  4135 | D:7      | HP: 1/70 [killer bee (5)]
  4142 | D:7      | Reached XP level 8. HP: 18/78 MP: 8/8
  4147 | D:7      | Slain by an orc warrior

Illustrated notes

Levels and vault maps discovered:
D:1:      nicolae_arrival_washed_ashore, layout_loops_corners,
          minmay_indecisive_spiral
D:2:      layout_basic
D:3:      layout_basic
D:4:      layout_basic, kennysheep_generic_room_14
D:5:      layout_loops_ring, grunt_temple_overflow_forces_of_nature,
          serial_shops, kennysheep_little_box, dk_noncrumbling_3,
          chequers_serial_rivers_small_3
D:6:      layout_basic, chequers_temple_overflow_minitemple, basic_altar,
          tso_metal_star
D:7:      layout_loops_cross, lemuel_crystal_altar,
          minmay_temple_entry_gardened_gates, grunt_ministairs_8

Skill      XL: |  1  2  3  4  5  6  7 |
---------------+----------------------+-----
Stealth        | 3 |  3.3
Fighting       | 3 4 |  4.0
Unarmed Combat | 3 4 5 6 |  6.8
Dodging        | 2 |  2.8
Invocations    | 1 2 |  2.1
Shields        | 1 |  1.0

Action                   |  1- 3 |  4- 6 |  7- 9 || total
-------------------------+-------+-------+-------++-------
Melee: Unarmed           |    45 |   120 |   233 ||   398
       Punch             |       |     1 |       ||     1
  Use: Potion            |       |       |     5 ||     5
       Scroll            |       |       |     4 ||     4
 Stab: Sleeping          |     1 |     5 |       ||     6
Armor: Robe              |    22 |    35 |    67 ||   124
Dodge: Dodged            |    42 |    56 |    95 ||   193
Block: Other             |       |    21 |    65 ||    86
       Reflection        |       |       |     2 ||     2

Table legend: (Time is in decaauts)
 A = Elapsed time spent in this place.
 B = Non-inter-level travel time spent in this place.
 C = Inter-level travel time spent in this place.
 D = Time resting spent in this place.
 E = Time spent auto-exploring this place.
 F = Levels seen in this place.
 G = Mean time per level.
                   A        B        C        D        E       F      G
               +--------+--------+--------+--------+--------+-----+--------+
         Total |   4105 |   3823 |    282 |     76 |   3049 |   7 |  586.4 |
       Dungeon |   4105 |   3823 |    282 |     76 |   3049 |   7 |  586.4 |
               +--------+--------+--------+--------+--------+-----+--------+

Top non-repeatable levels by time:
     D:6: 926 daAuts
     D:5: 843 daAuts
     D:1: 808 daAuts
     D:2: 588 daAuts
     D:3: 470 daAuts
     D:4: 427 daAuts
     D:7: 40 daAuts
